 Dungeon Crawl Stone Soup version 0.29.1-15-g9cfb28693d (webtiles) character file.

Game seed: 5249145720585631918

30 QwertyIsDirtey the Ruffian (level 3, -2/36 HPs)
             Began as a Troll Berserker on Mar 24, 2023.
             Was a Believer of Trog.
             Slain by a rat (3 damage)
             ... on level 2 of the Dungeon.
             The game lasted 00:02:19 (523 turns).

QwertyIsDirtey the Ruffian (Troll Berserker)         Turns: 523, Time: 00:02:20

Health: -2/36      AC:  4    Str: 27    XL:     3   Next: 3%
Magic:  2/2        EV: 10    Int:  3    God:    Trog [**....]
Gold:   53         SH:  0    Dex:  9    Spells: 2/2 levels left

rFire   . . .      SeeInvis .   d - +0 short sword
rCold   . . .      Faith    .   (no shield)
rNeg    . . .      Spirit   .   a - +0 animal skin
rPois   .          Reflect  .   (helmet restricted)
rElec   .          Harm     .   (no cloak)
rCorr   .          Rampage  .   (gloves unavailable)
Will    .....                   (boots unavailable)
Stlth   +.........              (no amulet)
HPRegen 0.92/turn               (no ring)
MPRegen 0.08/turn               (no ring)

@: no status effects
A: large, unfitting armour, claws 3, regeneration 1, shaggy fur 1, tough skin 1
a: Renounce Religion, Berserk, Trog's Hand


You were on level 2 of the Dungeon.
You worshipped Trog.
Trog was pleased with you.
You visited 1 branch of the dungeon, and saw 2 of its levels.

You collected 53 gold pieces.

Inventory:

Hand Weapons
 d - a +0 short sword (weapon)
Armour
 a - a +0 animal skin (worn)
Scrolls
 b - a scroll of noise {unknown}
 c - a scroll of amnesia {unknown}


   Skills:
 + Level 2.7 Fighting
 + Level 2.9 Dodging
 + Level 3.3 Unarmed Combat


You had 2 spell levels left.
You didn't know any spells.
Your spell library was empty.

Dungeon Overview and Level Annotations

Branches:
Dungeon (2/15)

Altars:


Innate Abilities, Weirdness & Mutations

You are too large for most types of armour.
You have claws for hands.
Your natural rate of healing is unusually fast.
You are covered in fur. (AC +1)
You have tough skin. (AC +1)


Message History

The adder hisses angrily.
The gnoll hits you with a +0 club. The gnoll hits you but does no damage.
You barely miss the gnoll. The gnoll barely misses you.
The gnoll closely misses you. The gnoll hits you with a +0 club!
You hit the gnoll.
The gnoll is lightly wounded.
The gnoll barely misses you. The rat closely misses you.
The gnoll hits you with a +0 whip. The gnoll hits you with a +0 club.
The gnoll hits you from afar with a +0 spear!
The rat closely misses you. The gnoll hits you with a +0 club.
The gnoll barely misses you.
You hit the adder.
The adder is moderately wounded.
The adder bites you but does no damage. The adder completely misses you.
The gnoll hits you from afar with a +0 spear.
The rat barely misses you. The gnoll completely misses you.
The gnoll hits you with a +0 club.
* * * LOW HITPOINT WARNING * * *
You barely miss the adder.
The adder is moderately wounded.
The adder bites you but does no damage.
The gnoll hits you from afar with a +0 spear.
* * * LOW HITPOINT WARNING * * *
The rat barely misses you. The gnoll closely misses you.
The gnoll barely misses you.
You closely miss the adder.
The adder is moderately wounded.
The adder misses you. The gnoll closely misses you.
The gnoll barely misses you. The rat bites you.
* * * LOW HITPOINT WARNING * * *
The gnoll hits you but does no damage. The adder bites you but does no damage.
Unknown command.
You barely miss the adder.
The adder is moderately wounded.
The adder closely misses you.
The gnoll hits you from afar with a +0 spear.
* * * LOW HITPOINT WARNING * * *
The rat bites you.
You die...

#####.....###########...#
........†.### #.###
...##.......## #.... ##
#.##.....## #####
#.##(.....## #.....⌠.....
#.##......#. # #.g.....#
+@Sg..... #gr......
#........ #........
#........ #........
#.......# #.......#


You could see 3 gnolls, an adder and a rat.

Vanquished Creatures
  2 endoplasms
  3 giant cockroaches (D:1)
  5 goblins (D:1)
  3 hobgoblins
  2 kobolds (D:1)
  2 quokkas (D:1)
  3 ball pythons (D:1)
  A bat (D:1)
  3 frilled lizards
  2 rats (D:1)
26 creatures vanquished.

Notes
Turn   | Place    | Note
-------+----------+-------------------------------------------
     0 | D:1      | QwertyIsDirtey the Troll Berserker began the quest for the
                  | Orb.
     0 | D:1      | Reached XP level 1. HP: 22/22 MP: 0/0
   189 | D:1      | Reached XP level 2. HP: 26/29 MP: 1/1
   435 | D:2      | Reached ** piety under Trog
   488 | D:2      | Reached XP level 3. HP: 36/36 MP: 2/2
   523 | D:2      | HP: 1/36 [gnoll/+0 spear (3)]
   523 | D:2      | Slain by a rat

Illustrated notes

Levels and vault maps discovered:
D:1:      wander_arrival_desolate, layout_basic
D:2:      layout_basic, solitary_fountain

Action                   || total
-------------------------++-------
Melee: Unarmed           ||    29
       Short sword       ||    60
       Punch             ||     1
Armor: Animal skin       ||    74
Dodge: Dodged            ||   103
